 Dungeon Crawl Stone Soup version 0.28.0-53-g5a82cb258f (webtiles) character file.

Game seed: 7156569520027979556

85 mortz the Gusty (level 4, -6/33 HPs)
             Began as a Demigod Air Elementalist on July 6, 2022.
             Killed by nerve-wracking pain
             ... invoked by Grinder
              (12 damage)
             ... while paralysed by Grinder
             ... on level 3 of the Dungeon.
             The game lasted 00:09:30 (2835 turns).

mortz the Gusty (Demigod Air Elementalist)          Turns: 2835, Time: 00:09:31

Health: -6/33      AC:  2    Str: 15    XL:     4   Next: 5%
Magic:  2/10       EV:  2    Int: 21    God:
Gold:   67         SH:  0    Dex: 14    Spells: 5/8 levels left

rFire   . . .      SeeInvis .   g - +2 dagger (venom) {short}
rCold   . . .      Faith    .   (no shield)
rNeg    . . .      Spirit   .   a - +0 robe
rPois   .          Reflect  .   (no helmet)
rElec   .          Harm     .   (no cloak)
rCorr   .          Rampage  .   (no gloves)
Will    .....                   (no boots)
Stlth   ++........              (no amulet)
HPRegen 0.11/turn               f - +6 ring of strength
MPRegen 0.12/turn               (no ring)

@: paralysed
A: high MP 1, forlorn, divine attributes
a: no special abilities


You were on level 3 of the Dungeon.
You visited 1 branch of the dungeon, and saw 3 of its levels.

You collected 67 gold pieces.


Innate Abilities, Weirdness & Mutations

You have an increased reservoir of magic. (+10% MP)
You shall have no god before yourself.
Your divine heritage dramatically boosts your attributes as you level up.


   Skills:
 + Level 0.1 Fighting
 + Level 1.9 Dodging
 + Level 1.9 Stealth
 + Level 2.6 Spellcasting
 + Level 1.7 Conjurations
 + Level 3.5 Air Magic


You had 5 spell levels left.
You knew the following spells:

 Your Spells              Type           Power      Damage    Failure   Level
a - Shock                 Conj/Air       52%        1d6       4%          1
b - Static Discharge      Conj/Air       13%        N/A       7%          2

Your spell library contained the following spells:

 Spells                   Type           Power      Damage    Failure   Level
 Swiftness                Air            17%        N/A       10%         3
 Blink                    Tloc           4%         N/A       22%         2
 Airstrike                Air            8%         N/A       32%         4
 Lesser Beckoning         Tloc           2%         N/A       38%         3
 Manifold Assault         Tloc           2%         N/A       98%         5

Inventory:

Hand Weapons
 b - a +0 long sword {long}
   (You found it on level 1 of the Dungeon)
 g - a +2 dagger of venom (weapon) {short}
   (You took it off a goblin on level 2 of the Dungeon)
 h - a +2 dagger of draining {short}
   (You took it off a kobold on level 2 of the Dungeon)
 k - a +0 trident {polearm}
   (You found it on level 2 of the Dungeon)
Armour
 a - a +0 robe (worn)
Jewellery
 f - a +6 ring of strength (left hand)
   (You found it on level 1 of the Dungeon)
Scrolls
 c - a scroll of immolation {unknown}
Potions
 d - a potion of might
 e - a potion of mutation {!q}
 l - a potion of attraction {!q}

Dungeon Overview and Level Annotations

Branches:
Dungeon (3/15)

Shops:
D:2 !

Annotations:
D:3 Grinder

.# #......... ..# #......#
#......... .. #......#
#........
#######.#..###......###
#.......
#....<...5............
...###.#.
#..........###......# #
#... #..........##.......#
#.###...
#...................#
#.......
###......#.##...@...#
####....
##.....#......###.#
######.... ............5##
#......... .......>......#
#......... ..........##
.............
...........##....#####....
.................# ##...
..........##....# ##..
.........###...# ##.


You could see Grinder.


Message History

😎 MP[-1]
You lost 1 mp, and now have 4/9 mp.
Aiming: Shock (safe; 4% risk of failure)
Press: ? - help, Q - select action, (/) - cycle Shift-Dir - straight line, f/p - worm
Aim: a worm (almost dead, 89% to hit)
The zap hits the worm.
You kill the worm!
You have reached level 4! 😎 HP[+7] MP[-1]
You now have 33 max hp (+7).
Your hp is fully restored (33).
c - a scroll labelled IMAEDA FESTOS 😎 MP[+7]
Your mp is fully restored (10).
Grinder is nearby!
Aiming: Shock (safe; 4% risk of failure)
Press: ? - help, Q - select action, (/) - cycle Shift-Dir - straight line, f - Grinder
Aim: Grinder (wandering, hasn't noticed you, 64% to hit)
The zap hits Grinder.
Grinder shouts!
Grinder gestures at you.
You suddenly lose the ability to move!
Grinder says, "You look like you could use a good racking."
Grinder gestures at you. Pain shoots through your body!
You can move again. 😮 HP[-13] MP[-1]
You take 13 damage, and now have 20/33 hp.
MASSIVE DAMAGE!! (PAUSE)
You lost 1 mp, and now have 9/10 mp.
Aiming: Shock (safe; 4% risk of failure)
Press: ? - help, Q - select action, (/) - cycle Shift-Dir - straight line, f/p - Grinder
Aim: Grinder (lightly wounded, 64% to hit)
The zap hits Grinder.
Grinder blinks! 😮 MP[-1]
You lost 1 mp, and now have 8/10 mp.
Unknown command.
A kobold comes into view. It is wielding a +0 club. 😮 MP[+1]
Aiming: Shock (safe; 4% risk of failure)
Press: ? - help, Q - select action, (/) - cycle Shift-Dir - straight line, f - kobold
Aim: a kobold, wielding a +0 club (wandering, hasn't noticed you, 60% to hit)
The zap hits the kobold.
You kill the kobold! 😮 MP[-1]
You lost 1 mp, and now have 8/10 mp.
Grinder is nearby! 😮 HP[+1]
Aiming: Shock (safe; 4% risk of failure)
Press: ? - help, Q - select action, (/) - cycle Shift-Dir - straight line, f - Grinder
Aim: Grinder (lightly wounded, 64% to hit)
The zap hits Grinder. x2
Grinder gestures at you.
You resist with significant effort. 😮 MP[-1]
You lost 1 mp, and now have 7/10 mp.
Aiming: Shock (safe; 4% risk of failure)
Press: ? - help, Q - select action, (/) - cycle Shift-Dir - straight line, f/p - Grinder
Aim: Grinder (moderately wounded, 64% to hit)
The zap hits Grinder. x2
Grinder gestures at you.
You suddenly lose the ability to move!
Grinder blinks!
You can move again.
Casting: Shock (safe; 4% risk of failure)
Confirm with . or Enter, or press ? or * to list all spells.
Grinder is struck by an arc of lightning.
You are struck by an arc of lightning.
The lightning grounds out.
Grinder misses you. 😮 HP[-2] MP[-2]
You take 2 damage, and now have 19/33 hp.
You lost 2 mp, and now have 5/10 mp.
Casting: Static Discharge (safe; 7% risk of failure)
Confirm with . or Enter, or press ? or * to list all spells.
Grinder is struck by an arc of lightning.
You are struck by an arc of lightning.
* * * LOW HITPOINT WARNING * * *
The lightning grounds out.
Grinder hits you!
* * * LOW HITPOINT WARNING * * *
😨 HP[-10] MP[-2]
You take 10 damage, and now have 9/33 hp.
MASSIVE DAMAGE!! (PAUSE)
You lost 2 mp, and now have 3/10 mp.
Casting: Static Discharge (safe; 7% risk of failure)
Confirm with . or Enter, or press ? or * to list all spells.
Grinder is struck by an arc of lightning.
You are struck by an arc of lightning.
* * * LOW HITPOINT WARNING * * *
The lightning grounds out.
Grinder misses you. 😱 HP[-3] MP[-2]
You take 3 damage, and now have 6/33 hp.
You lost 2 mp, and now have 1/10 mp.
Casting: Static Discharge (safe; 7% risk of failure)
Confirm with . or Enter, or press ? or * to list all spells.
You don't have enough magic to cast this spell.
Grinder gestures at you.
You suddenly lose the ability to move!
Grinder gestures at you. Pain shoots through your body!
You die...

Skill      XL: |  1  2 |
---------------+-------+-----
Air Magic      | 3 |  3.5
Conjurations   | 1 |  1.7
Spellcasting   | 2 |  2.6
Fighting       | |  0.1
Dodging        | |  1.9
Stealth        | |  1.9

Action                   |  1- 3 |  4- 6 || total
-------------------------+-------+-------++-------
Melee: Dagger            |     2 |       ||     2
 Cast: Shock             |    97 |     5 ||   102
       Static Discharge  |     7 |     3 ||    10
  Use: Scroll            |     5 |       ||     5
Dodge: Dodged            |     9 |     2 ||    11

Levels and vault maps discovered:
D:1:      dpeg_arrival_triangle_fractal, layout_basic
D:2:      layout_loops_ring, hellmonk_ecumenical_altar_watching_god,
          serial_shops, nicolae_shop_hallway_plus, bh_walls_and_bars
D:3:      layout_rooms, st_stairs_10, minmay_distorted, uniq_grinder,
          uniq_natasha, uniq_crazy_yiuf_cottage

Notes
Turn   | Place    | Note
-------+----------+-------------------------------------------
     0 | D:1      | mortz the Demigod Air Elementalist began the quest for the
                  | Orb.
     0 | D:1      | Reached XP level 1. HP: 14/14 MP: 5/5
     0 | D:1      | magus.rc [v1.9.6]
   342 | D:1      | Reached skill level 3 in Air Magic
   671 | D:1      | Reached XP level 2. HP: 20/20 MP: 5/7
   674 | D:1      | Learned a level 2 spell: Static Discharge
   892 | D:1      | Reached skill level 1 in Conjurations
   991 | D:1      | Reached skill level 2 in Spellcasting
  1217 | D:2      | Found Gaddot's Distillery.
  1492 | D:2      | Reached XP level 3. HP: 26/26 MP: 4/8
  1881 | D:2      | Noticed a great orb of eyes
  1885 | D:2      | Noticed a golden eye
  1885 | D:2      | Noticed a great orb of eyes
  1885 | D:2      | Noticed an eye of devastation
  2221 | D:2      | You pick up a book of Spatial Translocations and begin
                  | reading...
  2221 | D:2      | You add the spells Blink, Lesser Beckoning and Manifold
                  | Assault to your library.
  2516 | D:2      | magus.rc [v1.9.6]
  2555 | D:3      | Noticed Grinder
  2752 | D:3      | Reached XP level 4. HP: 33/33 MP: 3/10
  2811 | D:3      | Paralysed by Grinder for 6 turns
  2823 | D:3      | Paralysed by Grinder for 7 turns
  2832 | D:3      | HP: 6/33 [/static electricity (3)]
  2834 | D:3      | Paralysed by Grinder for 2 turns
  2835 | D:3      | Killed from afar by Grinder

Vanquished Creatures
  2 adders (D:2)
  2 worms
  3 dart slugs
  9 bats
  4 endoplasms
  A giant cockroach (D:2)
  7 goblins
  6 hobgoblins
  5 kobolds
  3 ball pythons
  5 frilled lizards
  5 rats
52 creatures vanquished.

Table legend:
 A = Non-vault XP
 B = Vault XP
 C = Vault XP percentage of total XP
 D = Non-vault monster count
 E = Vault monster count
 F = Vault count percentage of total count
                 A         B        C        D         E       F
            +---------+---------+-------+---------+---------+-------
      Total |     122 |       0 |   0.0 |      52 |       0 |   0.0
            +---------+---------+-------+---------+---------+-------
        D:1 |      31 |       0 |   0.0 |      18 |       0 |   0.0
        D:2 |      76 |       0 |   0.0 |      27 |       0 |   0.0
        D:3 |      15 |       0 |   0.0 |       7 |       0 |   0.0
            +---------+---------+-------+---------+---------+-------

Illustrated notes

Table legend:
 A = Kills in this place as a percentage of kills in entire the game.
 B = Kills by you in this place as a percentage of kills by you in the entire game.
 C = Kills by friends in this place as a percentage of kills by friends in the entire game.
 D = Other kills in this place as a percentage of other kills in the entire game.
 E = Experience gained in this place as a percentage of experience gained in the entire game.
 F = Experience gained in this place divided by the number of levels of this place that you have seen.
                   A       B       C       D       E      F
               +-------+-------+-------+-------+-------+----------------------
         Total | 100.0 | 100.0 |   N/A |   N/A | 100.0 |  40.7
       Dungeon | 100.0 | 100.0 |   N/A |   N/A | 100.0 |  40.7
               +-------+-------+-------+-------+-------+----------------------

Table legend: (Time is in decaauts)
 A = Elapsed time spent in this place.
 B = Non-inter-level travel time spent in this place.
 C = Inter-level travel time spent in this place.
 D = Time resting spent in this place.
 E = Time spent auto-exploring this place.
 F = Levels seen in this place.
 G = Mean time per level.
                   A        B        C        D        E       F      G
               +--------+--------+--------+--------+--------+-----+--------+
         Total |   2834 |   2785 |     49 |      0 |   2488 |   3 |  944.7 |
       Dungeon |   2834 |   2785 |     49 |      0 |   2488 |   3 |  944.7 |
               +--------+--------+--------+--------+--------+-----+--------+

Top non-repeatable levels by time:
     D:2: 1408 daAuts
     D:1: 1196 daAuts
     D:3: 229 daAuts
